 Dungeon Crawl Stone Soup version 0.29.0-4-gdea44cf6ec (webtiles) character file.

Game seed: 17866591204328393040

4992 qw the Grappler (level 10, -2/92 HPs)
             Began as a Troll Cinder Acolyte on Sept 1, 2022.
             Was a Priest of Ignis.
             Slain by a phantasmal warrior (29 damage)
             ... led by a death knight
             ... on level 1 of the Abyss.
             The game lasted 00:04:45 (8719 turns).

qw the Grappler (Troll Cinder Acolyte)              Turns: 8719, Time: 00:04:45

Health: -2/92      AC: 16    Str: 34    XL:     10   Next: 29%
Magic:  0/10       EV: 12    Int: 10    God:    Ignis [***...]
Gold:   641        SH:  8    Dex:  5    Spells: 11/11 levels left

rFire   + . .      SeeInvis .     - Unarmed
rCold   + . .      Faith    .   n - +0 kite shield of the Morning Star {rPois rC+}
rNeg    . . .      Spirit   +   r - +0 steam dragon scales
rPois   +          Reflect  .   l - +2 hat
rElec   .          Harm     .   (no cloak)
rCorr   .          Rampage  .   (gloves unavailable)
Will    .....                   (boots unavailable)
Stlth   +.........              b - amulet of guardian spirit
HPRegen 1.05/turn               d - +6 ring of strength
MPRegen 0.12/turn               o - +4 ring of evasion

@: about to teleport, weak-willed, fiery-armoured
A: large, unfitting armour, claws 3, regeneration 1, shaggy fur 1, tough skin 1
a: Renounce Religion, Fiery Armour, Foxfire Swarm, Rising Flame


You were on level 1 of the Abyss.
You worshipped Ignis.
Ignis was most pleased with you.
You visited 1 branch of the dungeon, and saw 10 of its levels.
You visited the Abyss 1 time.
You also visited: Sewer.

You collected 641 gold pieces.


Innate Abilities, Weirdness & Mutations

You are too large for most types of armour.
You have claws for hands.
Your natural rate of healing is unusually fast.
You are covered in fur. (AC +1)
You have tough skin. (AC +1)


   Skills:
 - Level 4.1 Fighting
 - Level 2.1 Throwing
 - Level 1.0 Armour
 - Level 1.2 Dodging
 + Level 8.8 Shields
 - Level 11.0 Unarmed Combat
 - Level 1.0 Spellcasting
 - Level 2.1 Fire Magic


You had 11 spell levels left.
You didn't know any spells.
Your spell library contained the following spells:

 Spells                   Type           Power      Damage    Failure   Level
 Scorch                   Fire           8%         2d5       38%         2

Inventory:

Missiles
 g - 5 boomerangs (quivered)
Armour
 l - a +2 hat (worn)
 n - the +0 kite shield of the Morning Star (worn) {rPois rC+}
   (You acquired it on level 3 of the Dungeon)

   rC:        It protects you from cold.
   rPois:     It protects you from poison.
 r - +0 steam dragon scales (worn)
Jewellery
 b - an amulet of guardian spirit (around neck)
 c - the amulet of Elemental Vulnerability {rPois rF-- rC-- AC+8}
   (You found it on level 3 of the Dungeon)

   [amulet of nothing]

   AC:        It affects your AC (+8).
   rF:        It makes you very vulnerable to fire.
   rC:        It makes you very vulnerable to cold.
   rPois:     It protects you from poison.
 d - a +6 ring of strength (left claw)
 o - a +4 ring of evasion (right claw)
Scrolls
 i - 5 scrolls of teleportation
 q - a scroll of identify
Potions
 a - a potion of haste
 f - 4 potions of curing
 h - a potion of might
 k - 3 potions of mutation
 m - 3 potions of heal wounds

Dungeon Overview and Level Annotations

Branches:
Dungeon (10/15)            Temple (0/1) D:7           Sewer (visited)
   Lair: D:8-11         Orc: D:9-12

Altars:
Fedhas
Gozag
Hepliaklqana
Kikubaaqudgha
Makhleb
Nemelex Xobeh
Qazlal
Sif Muna
Trog
Zin

Annotations:
D:10 Psyche


Message History

The small abomination is engulfed in a cloud of scalding steam.
The small abomination barely misses you.
You mangle the small abomination!!
You destroy the small abomination!
A wraith and 2 phantasmal warriors come into view.
The phantasmal warrior hits you but does no damage.
The phantasmal warrior gestures at you.
The phantasmal warrior blinks!
8712 ||| Stepping ~*~*~tactically~*~*~ (outnumbered).
The phantasmal warrior gestures at you.
The phantasmal warrior blinks!
8713 ||| Stepping ~*~*~tactically~*~*~ (outnumbered).
You block the death knight's attack.
You scratch the death knight.
The death knight is lightly wounded.
You mangle the death knight!!
The death knight is moderately wounded.
The phantasmal warrior hits you! The phantasmal warrior gestures at you.
The phantasmal warrior blinks!
The death knight offers itself to Yredelemnul, and fills with unholy energy.
8716 ||| Stepping ~*~*~tactically~*~*~ (outnumbered).
The wraith attacks as you move away! The wraith hits you!
The death knight hits you with a +4 great mace!!
8717 ||| INVOKING Fiery Armour.
A protective cloak of flame settles atop you.
The phantasmal warrior hits you!!
Your willpower is stripped away!
The wraith barely misses you. The phantasmal warrior gestures at you.
The phantasmal warrior blinks!
You block the death knight's attack.
8718 ||| READING 6 scrolls of teleportation.
As you read the scroll of teleportation, it crumbles to dust.
You feel strangely unstable.
You feel the power of the Abyss delaying your translocation!
The phantasmal warrior hits you but does no damage.
The wraith hits you but does no damage. The death knight barely misses you.
8719 ||| DRINKING 4 potions of heal wounds.
You feel much better. The phantasmal warrior hits you!!
You die...

.. . . #..## #..# #
## #..## ~
#.#.#######..## ~~
#............## .~~
#..#...W...>.##..~~
#....@W.ยค..#... ~~
#.....Wp..#...#.#~
#..............#
............\.###
...........#......
#........#....#.~.~
....##........#...~~
###.....#..###.. .~~
.... ...#....#~ ~


You could see a death knight (reflects damage), 2 phantasmal warriors and a
wraith.

Vanquished Creatures
  Pikel (D:5)
  A smoke demon (Abyss:1)
  A wyvern (D:9)
  6 yaks
  A steam dragon (D:8)
  Menkaure (D:7)
  A water moccasin (D:8)
  3 orc warriors
  2 black bears (D:5)
  4 sky beasts (D:7)
  An ice beast (D:7)
  2 centaurs
  An ogre (D:5)
  2 lemures (D:5)
  A kobold brigand (D:7)
  A bullfrog (D:7)
  A necrophage (D:6)
  A scorpion (D:5)
  4 wights (D:6)
  5 killer bees (D:9)
  A howler monkey (D:7)
  5 hounds
  3 jellies
  3 orc priests (D:6)
  6 iguanas
  8 orc wizards
  A small abomination (Abyss:1)
  4 gnolls (D:7)
  8 adders
  5 river rats (Sewer)
  A white imp (D:6)
  3 ufetubi
  3 worms
  4 dart slugs (D:4)
  26 orcs
  7 endoplasms
  6 giant cockroaches
  12 goblins
  4 hobgoblins
  2 jackals (Sewer)
  13 kobolds
  5 quokkas
  13 ball pythons
  13 bats
  5 frilled lizards
  5 rats
206 creatures vanquished.

Vanquished Creatures (others)
  2 plants (D:7)
2 creatures vanquished.

Grand Total: 208 creatures vanquished

Notes
Turn   | Place    | Note
-------+----------+-------------------------------------------
     0 | D:1      | qw the Troll Cinder Acolyte began the quest for the Orb.
     0 | D:1      | Reached XP level 1. HP: 22/22 MP: 1/1
     0 | D:1      | 0 ||| qw: Version: 0.1-a-97-g2dd2ca4
     0 | D:1      | 0 ||| qw: Game counter: 4762
     0 | D:1      | 0 ||| qw: Always use a shield: true
     0 | D:1      | 0 ||| qw: God list: Okawaru
     0 | D:1      | 0 ||| qw: Allow faded altars: false
     0 | D:1      | 0 ||| qw: Do Orc after D:15 true
     0 | D:1      | 0 ||| qw: Do second Lair branch before Depths: true
     0 | D:1      | 0 ||| qw: Lair rune preference: random
     0 | D:1      | 0 ||| qw: Plans: Normal
     0 | D:1      | 0 ||| PLANNING D:1-11
   293 | D:1      | Reached XP level 2. HP: 29/29 MP: 2/2
   529 | D:1      | Found a faded altar of an unknown god.
   964 | D:1      | 964 ||| UPGRADING to amulet of guardian spirit.
   969 | D:1      | 969 ||| READING scroll labelled COTAIN XASHEN.
   970 | D:1      | 970 ||| READING scroll labelled MEFIUHAFE.
   975 | D:1      | 975 ||| READING scroll labelled FIARAR YKANN.
   976 | D:1      | 976 ||| READING scroll labelled CALYCRAMEI.
   977 | D:1      | 977 ||| DRINKING 3 amethyst potions.
  1023 | D:2      | You fall into a shaft and drop 2 floors!
  1027 | D:4      | 1027 ||| Stepping ~*~*~tactically~*~*~ (stealth).
  1029 | D:4      | 1029 ||| Stepping ~*~*~tactically~*~*~ (hiding).
  1032 | D:4      | Reached skill level 4 in Unarmed Combat
  1032 | D:4      | Reached XP level 3. HP: 29/36 MP: 3/3
  1105 | D:4      | 1105 ||| UPGRADING to +6 ring of strength.
  1115 | D:3      | 1115 ||| PLANNING SEWER
  1122 | D:3      | Found a glowing drain.
  1144 | Sewer    | Entered a sewer
  1234 | Sewer    | Reached XP level 4. HP: 44/44 MP: 1/4
  1364 | Sewer    | Reached skill level 5 in Unarmed Combat
  1432 | Sewer    | 1432 ||| Stepping ~*~*~tactically~*~*~ (stealth).
  1477 | Sewer    | 1477 ||| Stepping ~*~*~tactically~*~*~ (outnumbered).
  1516 | Sewer    | Reached XP level 5. HP: 41/50 MP: 2/5
  1619 | Sewer    | Reached skill level 6 in Unarmed Combat
  1813 | Sewer    | 1813 ||| UPGRADING to +1 hat.
  1818 | Sewer    | 1818 ||| READING 2 scrolls labelled XIMI ELI WOWYR.
  1819 | Sewer    | 1819 ||| DROPPING potion of degeneration.
  1820 | Sewer    | 1820 ||| DROPPING scroll of fog.
  1843 | D:3      | 1843 ||| PLANNING D:1-11
  1898 | D:2      | 1898 ||| Stepping ~*~*~tactically~*~*~ (stealth).
  1909 | D:2      | 1909 ||| Stepping ~*~*~tactically~*~*~ (stealth).
  1912 | D:2      | 1912 ||| Stepping ~*~*~tactically~*~*~ (stealth).
  1917 | D:2      | 1917 ||| Stepping ~*~*~tactically~*~*~ (outnumbered).
  1918 | D:2      | 1918 ||| Stepping ~*~*~tactically~*~*~ (outnumbered).
  1919 | D:2      | 1919 ||| Stepping ~*~*~tactically~*~*~ (outnumbered).
  1920 | D:2      | 1920 ||| Stepping ~*~*~tactically~*~*~ (outnumbered).
  1921 | D:2      | 1921 ||| Stepping ~*~*~tactically~*~*~ (outnumbered).
  1925 | D:2      | 1925 ||| Stepping ~*~*~tactically~*~*~ (outnumbered).
  2562 | D:2      | Reached skill level 1 in Throwing
  2691 | D:2      | 2691 ||| DROPPING amulet of magic regeneration.
  2692 | D:2      | 2692 ||| READING scroll labelled LUAPHE YSHUODE.
  2693 | D:2      | 2693 ||| READING scroll labelled FIUFE TALLOIDD.
  2715 | D:3      | Found the amulet of Elemental Vulnerability {rPois rF--
                  | rC-- AC+8}
  2774 | D:3      | Found a stormy altar of Qazlal.
  2828 | D:3      | Found a blossoming altar of Fedhas.
  2833 | D:3      | Found an ancient bone altar of Kikubaaqudgha.
  3052 | D:3      | Found a hazy altar of Hepliaklqana.
  3053 | D:3      | Found a glowing silver altar of Zin.
  3053 | D:3      | Found a shimmering blue altar of Sif Muna.
  3057 | D:3      | Found a sparkling altar of Nemelex Xobeh.
  3183 | D:3      | 3183 ||| UPGRADING to amulet of Elemental Vulnerability
                  | {rPois rF-- rC-- AC+8}.
  3193 | D:3      | 3193 ||| READING scroll labelled WUEBOEN IDIAM.
  3193 | D:3      | Identified a scroll of acquirement
  3193 | D:3      | 3193 ||| ACQUIRING +0 kite shield of the Morning Star
                  | {rPois rC+}
  3193 | D:3      | Acquired the +0 kite shield of the Morning Star {rPois rC+}
  3195 | D:3      | 3195 ||| UPGRADING to +0 kite shield of the Morning Star
                  | {rPois rC+}.
  3200 | D:3      | 3200 ||| REMOVING amulet of Elemental Vulnerability {rPois
                  | rF-- rC-- AC+8}.
  3205 | D:3      | 3205 ||| UPGRADING to amulet of guardian spirit.
  3210 | D:3      | 3210 ||| READING scroll labelled ROUMUF UCWUCK.
  3239 | D:4      | 3239 ||| STAIRDANCE
  3247 | D:3      | Reached skill level 1 in Shields
  3249 | D:4      | 3249 ||| STAIRDANCE
  3282 | D:4      | Reached XP level 6. HP: 49/59 MP: 4/6
  3282 | D:4      | 3282 ||| STAIRDANCE
  3470 | D:4      | 3470 ||| Stepping ~*~*~tactically~*~*~ (stealth).
  3473 | D:4      | 3473 ||| Stepping ~*~*~tactically~*~*~ (stealth).
  3478 | D:4      | 3478 ||| Stepping ~*~*~tactically~*~*~ (stealth).
  3997 | D:4      | 3997 ||| READING scroll labelled YPLUNE XIDD.
  4098 | D:4      | 4098 ||| READING scroll labelled ZIMAME LIDWIAPS.
  4099 | D:4      | 4099 ||| DRINKING 4 white potions.
  4120 | D:5      | Entered Level 5 of the Dungeon
  4170 | D:5      | Reached skill level 3 in Shields
  4360 | D:5      | Noticed Pikel
  4360 | D:5      | 4360 ||| INVOKING Fiery Armour.
  4363 | D:5      | 4363 ||| Stepping ~*~*~tactically~*~*~ (outnumbered).
  4364 | D:5      | 4364 ||| Stepping ~*~*~tactically~*~*~ (outnumbered).
  4366 | D:5      | 4366 ||| Stepping ~*~*~tactically~*~*~ (outnumbered).
  4370 | D:5      | 4370 ||| Stepping ~*~*~tactically~*~*~ (outnumbered).
  4371 | D:5      | 4371 ||| Stepping ~*~*~tactically~*~*~ (outnumbered).
  4372 | D:5      | 4372 ||| Stepping ~*~*~tactically~*~*~ (outnumbered).
  4376 | D:5      | 4376 ||| Stepping ~*~*~tactically~*~*~ (outnumbered).
  4377 | D:5      | 4377 ||| Stepping ~*~*~tactically~*~*~ (outnumbered).
  4379 | D:5      | 4379 ||| Stepping ~*~*~tactically~*~*~ (outnumbered).
  4380 | D:5      | 4380 ||| Stepping ~*~*~tactically~*~*~ (outnumbered).
  4381 | D:5      | 4381 ||| Stepping ~*~*~tactically~*~*~ (outnumbered).
  4382 | D:5      | 4382 ||| Stepping ~*~*~tactically~*~*~ (outnumbered).
  4383 | D:5      | 4383 ||| Stepping ~*~*~tactically~*~*~ (outnumbered).
  4384 | D:5      | 4384 ||| Stepping ~*~*~tactically~*~*~ (outnumbered).
  4392 | D:5      | Killed Pikel
  4393 | D:5      | Reached skill level 6 in Shields
  4393 | D:5      | Reached XP level 7. HP: 44/66 MP: 5/7
  4507 | D:5      | Reached XP level 8. HP: 58/74 MP: 5/8
  4664 | D:5      | Reached skill level 7 in Unarmed Combat
  4759 | D:5      | 4759 ||| READING scroll of enchant armour.
  4759 | D:5      | 4759 ||| ENCHANTING +1 hat.
  4999 | D:5      | 4999 ||| UPGRADING to +1 robe of positive energy.
  5009 | D:5      | 5009 ||| DROPPING +0 robe.
  5010 | D:5      | 5010 ||| UPGRADING to +4 ring of evasion.
  5011 | D:5      | 5011 ||| DRINKING 2 viscous grey potions.
  5012 | D:5      | 5012 ||| READING 2 scrolls of identify.
  5012 | D:5      | 5012 ||| IDENTIFYING fuming clear potion
  5013 | D:5      | 5013 ||| DROPPING potion of magic.
  5014 | D:5      | 5014 ||| DROPPING potion of brilliance.
  5046 | D:6      | 5046 ||| INVOKING Fiery Armour.
  5052 | D:6      | 5052 ||| Stepping ~*~*~tactically~*~*~ (outnumbered).
  5053 | D:6      | 5053 ||| Stepping ~*~*~tactically~*~*~ (outnumbered).
  5065 | D:6      | HP: 10/67 [wight/+5 scimitar (9)]
  5066 | D:6      | 5066 ||| READING 7 scrolls of teleportation.
  5066 | D:6      | HP: 4/64 [wight/+5 scimitar (2)]
  5067 | D:6      | 5067 ||| DRINKING 3 potions of heal wounds.
  5151 | D:6      | 5151 ||| Stepping ~*~*~tactically~*~*~ (hiding).
  5158 | D:6      | Reached skill level 8 in Unarmed Combat
  5159 | D:6      | 5159 ||| INVOKING Fiery Armour.
  5160 | D:6      | 5160 ||| Stepping ~*~*~tactically~*~*~ (outnumbered).
  5161 | D:6      | 5161 ||| Stepping ~*~*~tactically~*~*~ (outnumbered).
  5162 | D:6      | 5162 ||| Stepping ~*~*~tactically~*~*~ (outnumbered).
  5163 | D:6      | 5163 ||| Stepping ~*~*~tactically~*~*~ (outnumbered).
  5164 | D:6      | 5164 ||| Stepping ~*~*~tactically~*~*~ (outnumbered).
  5165 | D:6      | 5165 ||| Stepping ~*~*~tactically~*~*~ (outnumbered).
  5166 | D:6      | 5166 ||| Stepping ~*~*~tactically~*~*~ (outnumbered).
  5166 | D:6      | HP: 12/62 [orc priest/divine providence (12)]
  5167 | D:6      | 5167 ||| READING 6 scrolls of teleportation.
  5168 | D:6      | 5168 ||| DRINKING 2 potions of heal wounds.
  5169 | D:6      | 5169 ||| Stepping ~*~*~tactically~*~*~ (outnumbered).
  5170 | D:6      | 5170 ||| Stepping ~*~*~tactically~*~*~ (outnumbered).
  5170 | D:6      | Found an opulent altar of Gozag.
  5176 | D:6      | 5176 ||| Stepping ~*~*~tactically~*~*~ (hiding).
  5190 | D:6      | 5190 ||| Stepping ~*~*~tactically~*~*~ (stealth).
  5269 | D:6      | 5269 ||| Stepping ~*~*~tactically~*~*~ (stealth).
  5272 | D:6      | Reached skill level 3 in Fighting
  5273 | D:6      | 5273 ||| Stepping ~*~*~tactically~*~*~ (stealth).
  5285 | D:6      | 5285 ||| Stepping ~*~*~tactically~*~*~ (stealth).
  5290 | D:6      | 5290 ||| Stepping ~*~*~tactically~*~*~ (stealth).
  5297 | D:6      | 5297 ||| Stepping ~*~*~tactically~*~*~ (stealth).
  5306 | D:6      | 5306 ||| FLEEEEING.
  5307 | D:6      | 5307 ||| FLEEEEING.
  5309 | D:6      | 5309 ||| FLEEEEING.
  5310 | D:6      | 5310 ||| FLEEEEING.
  5311 | D:6      | 5311 ||| FLEEEEING.
  5312 | D:6      | 5312 ||| FLEEEEING.
  5313 | D:6      | 5313 ||| FLEEEEING.
  5415 | D:6      | 5415 ||| Stepping ~*~*~tactically~*~*~ (hiding).
  5416 | D:6      | 5416 ||| Stepping ~*~*~tactically~*~*~ (hiding).
  5431 | D:6      | 5431 ||| INVOKING Fiery Armour.
  5441 | D:6      | Reached skill level 9 in Unarmed Combat
  5642 | D:6      | 5642 ||| DROPPING ring of positive energy.
  5643 | D:6      | 5643 ||| READING 2 scrolls of identify.
  5643 | D:6      | 5643 ||| IDENTIFYING bubbling amethyst potion
  5644 | D:6      | 5644 ||| DROPPING potion of attraction.
  5806 | D:7      | 5806 ||| Stepping ~*~*~tactically~*~*~ (stealth).
  5821 | D:7      | 5821 ||| Stepping ~*~*~tactically~*~*~ (outnumbered).
  5822 | D:7      | 5822 ||| Stepping ~*~*~tactically~*~*~ (outnumbered).
  5826 | D:7      | Reached XP level 9. HP: 67/83 MP: 9/9
  6070 | D:7      | Found a staircase to the Ecumenical Temple.
  6083 | D:7      | 6083 ||| Stepping ~*~*~tactically~*~*~ (stealth).
  6085 | D:7      | 6085 ||| Stepping ~*~*~tactically~*~*~ (stealth).
  6091 | D:7      | 6091 ||| Stepping ~*~*~tactically~*~*~ (outnumbered).
  6093 | D:7      | 6093 ||| Stepping ~*~*~tactically~*~*~ (outnumbered).
  6094 | D:7      | 6094 ||| Stepping ~*~*~tactically~*~*~ (outnumbered).
  6096 | D:7      | Reached skill level 1 in Dodging
  6199 | D:7      | Noticed Menkaure
  6202 | D:7      | Killed Menkaure
  6204 | D:7      | 6204 ||| Stepping ~*~*~tactically~*~*~ (hiding).
  6206 | D:7      | 6206 ||| Stepping ~*~*~tactically~*~*~ (outnumbered).
  6322 | D:7      | 6322 ||| Stepping ~*~*~tactically~*~*~ (outnumbered).
  6323 | D:7      | 6323 ||| Stepping ~*~*~tactically~*~*~ (outnumbered).
  6348 | D:7      | 6348 ||| Stepping ~*~*~tactically~*~*~ (stealth).
  6439 | D:7      | Reached skill level 10 in Unarmed Combat
  6464 | D:7      | 6464 ||| Stepping ~*~*~tactically~*~*~ (outnumbered).
  6468 | D:7      | 6468 ||| Stepping ~*~*~tactically~*~*~ (stealth).
  6473 | D:7      | 6473 ||| INVOKING Fiery Armour.
  6474 | D:7      | 6474 ||| Stepping ~*~*~tactically~*~*~ (outnumbered).
  6475 | D:7      | 6475 ||| Stepping ~*~*~tactically~*~*~ (outnumbered).
  6476 | D:7      | 6476 ||| Stepping ~*~*~tactically~*~*~ (outnumbered).
  6481 | D:7      | 6481 ||| Stepping ~*~*~tactically~*~*~ (outnumbered).
  6484 | D:7      | 6484 ||| Stepping ~*~*~tactically~*~*~ (outnumbered).
  6873 | D:7      | Found a burning altar of Makhleb.
  6921 | D:7      | 6921 ||| READING scroll labelled VERPHA ORUITI.
  6922 | D:7      | 6922 ||| READING scroll labelled VILARA VAILI.
  6923 | D:7      | 6923 ||| READING 3 scrolls of identify.
  6923 | D:7      | 6923 ||| IDENTIFYING fizzy blue potion
  6924 | D:7      | 6924 ||| READING 2 scrolls of identify.
  6924 | D:7      | 6924 ||| IDENTIFYING viscous puce potion
  6925 | D:7      | 6925 ||| DROPPING potion of berserk rage.
  7032 | D:8      | 7032 ||| Stepping ~*~*~tactically~*~*~ (outnumbered).
  7034 | D:8      | 7034 ||| Stepping ~*~*~tactically~*~*~ (outnumbered).
  7036 | D:8      | 7036 ||| Stepping ~*~*~tactically~*~*~ (outnumbered).
  7037 | D:8      | 7037 ||| Stepping ~*~*~tactically~*~*~ (outnumbered).
  7038 | D:8      | 7038 ||| Stepping ~*~*~tactically~*~*~ (outnumbered).
  7039 | D:8      | 7039 ||| Stepping ~*~*~tactically~*~*~ (outnumbered).
  7051 | D:8      | 7051 ||| DRINKING 4 potions of curing.
  7051 | D:8      | 7051 ||| (to cure confusion)
  7115 | D:8      | 7115 ||| DRINKING 3 potions of curing.
  7115 | D:8      | 7115 ||| (to cure confusion)
  7116 | D:8      | 7116 ||| Stepping ~*~*~tactically~*~*~ (hiding).
  7117 | D:8      | 7117 ||| Stepping ~*~*~tactically~*~*~ (hiding).
  7311 | D:8      | 7311 ||| INVOKING Fiery Armour.
  7355 | D:8      | 7355 ||| Stepping ~*~*~tactically~*~*~ (stealth).
  7358 | D:8      | 7358 ||| Stepping ~*~*~tactically~*~*~ (stealth).
  7364 | D:8      | 7364 ||| Stepping ~*~*~tactically~*~*~ (outnumbered).
  7365 | D:8      | 7365 ||| Stepping ~*~*~tactically~*~*~ (outnumbered).
  7376 | D:8      | Reached XP level 10. HP: 72/92 MP: 7/10
  7905 | D:8      | Found a bloodstained altar of Trog.
  7911 | D:8      | 7911 ||| UPGRADING to +0 steam dragon scales.
  7921 | D:8      | 7921 ||| DROPPING +1 robe of positive energy.
  7922 | D:8      | 7922 ||| READING scroll labelled DUUNGO WIYTALI.
  7923 | D:8      | 7923 ||| READING scroll labelled SYDGHI JUEV.
  7924 | D:8      | 7924 ||| READING 2 scrolls of identify.
  7924 | D:8      | 7924 ||| IDENTIFYING yellow potion
  8041 | D:9      | 8041 ||| Stepping ~*~*~tactically~*~*~ (stealth).
  8050 | D:9      | Reached skill level 1 in Armour
  8183 | D:9      | 8183 ||| Stepping ~*~*~tactically~*~*~ (outnumbered).
  8189 | D:9      | 8189 ||| Stepping ~*~*~tactically~*~*~ (outnumbered).
  8190 | D:9      | 8190 ||| Stepping ~*~*~tactically~*~*~ (outnumbered).
  8191 | D:9      | 8191 ||| Stepping ~*~*~tactically~*~*~ (outnumbered).
  8192 | D:9      | 8192 ||| Stepping ~*~*~tactically~*~*~ (outnumbered).
  8194 | D:9      | 8194 ||| Stepping ~*~*~tactically~*~*~ (outnumbered).
  8195 | D:9      | 8195 ||| Stepping ~*~*~tactically~*~*~ (outnumbered).
  8196 | D:9      | 8196 ||| Stepping ~*~*~tactically~*~*~ (outnumbered).
  8197 | D:9      | 8197 ||| Stepping ~*~*~tactically~*~*~ (outnumbered).
  8198 | D:9      | 8198 ||| Stepping ~*~*~tactically~*~*~ (outnumbered).
  8200 | D:9      | 8200 ||| Stepping ~*~*~tactically~*~*~ (outnumbered).
  8202 | D:9      | 8202 ||| Stepping ~*~*~tactically~*~*~ (outnumbered).
  8205 | D:9      | Reached skill level 11 in Unarmed Combat
  8555 | D:10     | Entered Level 10 of the Dungeon
  8646 | D:10     | Noticed Psyche
  8653 | Abyss:1  | Cast into level 1 of the Abyss (Psyche)
  8679 | Abyss:1  | Noticed a smoke demon
  8680 | Abyss:1  | 8680 ||| Stepping ~*~*~tactically~*~*~ (stealth).
  8692 | Abyss:1  | Killed a smoke demon
  8710 | Abyss:1  | Noticed a death knight
  8710 | Abyss:1  | Noticed a phantasmal warrior
  8710 | Abyss:1  | Noticed a phantasmal warrior
  8712 | Abyss:1  | 8712 ||| Stepping ~*~*~tactically~*~*~ (outnumbered).
  8713 | Abyss:1  | 8713 ||| Stepping ~*~*~tactically~*~*~ (outnumbered).
  8716 | Abyss:1  | 8716 ||| Stepping ~*~*~tactically~*~*~ (outnumbered).
  8717 | Abyss:1  | 8717 ||| INVOKING Fiery Armour.
  8717 | Abyss:1  | HP: 4/92 [phantasmal warrior[a death knight] (23)]
  8718 | Abyss:1  | 8718 ||| READING 6 scrolls of teleportation.
  8719 | Abyss:1  | 8719 ||| DRINKING 4 potions of heal wounds.
  8719 | Abyss:1  | Slain by a phantasmal warrior

Levels and vault maps discovered:
D:1:      erik_arrival_orb_chamber, layout_basic, serial_rivers,
          chequers_serial_rivers_micro_d, chequers_serial_rivers_small_a,
          chequers_serial_rivers_small_b, chequers_serial_rivers_micro_a,
          chequers_serial_rivers_room_b, chequers_serial_rivers_small_3,
          shapermc_ecumenical_altar_pompeii
D:2:      layout_basic
D:3:      layout_rooms, grunt_qazlal_sundering, minitemple,
          cheibrodos_sewer_entry_drain, kennysheep_doodads, minmay_misc_feat_x
D:4:      kennysheep_the_goblin_king, layout_basic
D:5:      layout_gridville, uniq_pikel
D:6:      layout_cave_pools, lemuel_crystal_altar
D:7:      layout_basic, makhleb_blood_cavern_becter,
          minmay_temple_entry_sparse_star, serial_bayou_pond_e, uniq_menkaure
D:8:      layout_basic, lemuel_round_altar
D:9:      layout_loops_cross, minivault_25
D:10:     layout_small_grid, enter_bailey_2, uniq_gastronok, uniq_josephine,
          uniq_psyche, uniq_erica, uniq_harold
Abyss:1:  base:
Bailey

Skill      XL: |  1  2  3  4  5  6  7  8  9 10 |
---------------+-------------------------------+-----
Unarmed Combat | 4 5 6 9 10 11 | 11.0
Throwing       | 1 2 |  2.1
Shields        | 1 6 8 |  8.8
Fighting       | 3 4 |  4.1
Dodging        | 1 |  1.2
Armour         | 1 |  1.0
Spellcasting   | |  1.0
Fire Magic     | |  2.1

Action                   |  1- 3 |  4- 6 |  7- 9 | 10-12 || total
-------------------------+-------+-------+-------+-------++-------
Melee: Unarmed           |    86 |   199 |   281 |    51 ||   617
       Punch             |     1 |       |       |       ||     1
Throw: Javelin           |       |    33 |    17 |       ||    50
       Boomerang         |       |       |    22 |     1 ||    23
Invok: Fiery Armour      |       |     1 |     5 |     1 ||     7
  Use: Scroll            |     4 |     7 |     9 |     4 ||    24
       Potion            |     1 |     1 |     5 |     1 ||     8
Armor: Robe              |    21 |    82 |   102 |       ||   205
       Steam dragon scal |       |       |       |    13 ||    13
Dodge: Dodged            |    33 |    84 |   116 |    19 ||   252
Block: Kite shield       |       |    20 |   110 |    21 ||   151

Table legend:
 A = Non-vault XP
 B = Vault XP
 C = Vault XP percentage of total XP
 D = Non-vault monster count
 E = Vault monster count
 F = Vault count percentage of total count
                 A         B        C        D         E       F
            +---------+---------+-------+---------+---------+-------
      Total |    6129 |    1003 |  14.1 |     154 |      50 |  24.5
            +---------+---------+-------+---------+---------+-------
        D:1 |      17 |       0 |   0.0 |      10 |       0 |   0.0
        D:2 |      63 |       0 |   0.0 |      22 |       0 |   0.0
        D:3 |      62 |       5 |   7.5 |       9 |       3 |  25.0
        D:4 |     116 |      12 |   9.4 |      15 |       7 |  31.8
        D:5 |     675 |     607 |  47.3 |      13 |       1 |   7.1
        D:6 |     851 |       0 |   0.0 |      20 |       0 |   0.0
        D:7 |    1398 |     212 |  13.2 |      33 |       2 |   5.7
        D:8 |    1358 |       0 |   0.0 |      21 |       0 |   0.0
        D:9 |    1131 |       0 |   0.0 |       9 |       0 |   0.0
    Abyss:1 |     458 |       0 |   0.0 |       2 |       0 |   0.0
      Sewer |       0 |     167 | 100.0 |       0 |      37 | 100.0
            +---------+---------+-------+---------+---------+-------
